General information
- name: BNet
- type: Ladder 1vs1/FFA
- host: Battle.net
- saver: BEAR_AND
map: Wetlands
- players: 2
- length: 16:01
- speed: Fast
- version: 1.21 W3XP
- replay type:

» download(28 KB)
Players
team 1 (loser)
rewritelife (
yellow | 32 APM | 438 actions | 13:50)
2 Firelord
1 Summon Lava Spawn
1 Incinerate
» actions
| Assign group hotkey | 11 | |
| Build / train | 59 | |
| Enter build submenu | 15 | |
| Enter hero's abilities submenu | 2 | |
| Remove unit from queue | 20 | |
| Right click | 141 | |
| Select / deselect | 140 | |
| Select group hotkey | 27 | |
| Use ability | 23 | |
438 total
» units
» upgrades
» buildings
| Moon Well | 7 | |
| Altar of Elders | 1 | |
| Ancient of War | 2 | |
| Hunter's Hall | 1 | |
| Ancient of Wonders | 1 | |
| Tree of Ages | 1 | |
| Ancient Protector | 1 | |
14 total
» build order
00:07 Moon Well
00:09 Altar of Elders
01:12 Moon Well
01:34 Ancient of War
02:58 Ancient of War
03:03 Moon Well
03:11 Hunter's Hall
04:13 Ancient of Wonders
04:23 Moon Well
04:53 Tree of Ages
05:27 Ancient Protector
10:46 Moon Well
10:47 Moon Well
10:59 Moon Well
» items
team 2 (winner)
BEAR_AND (
pink | 7 APM | 119 actions | 16:01)
» actions
| Right click | 103 | |
| Select / deselect | 9 | |
| Use ability | 7 | |
119 total
Chat log
(00:29 / All) BEAR_AND: have fun fighting an invisible army
(00:50 / All) rewritelife: u cheater
(01:04 / All) rewritelife: fuck u
(02:15 / All) BEAR_AND: haha
(02:20 / All) BEAR_AND: how can you fight me when you can't even see me?
(02:30 / All) rewritelife: u so gay
(02:40 / All) rewritelife: ur just scared
(02:43 / All) BEAR_AND: haha
(02:47 / All) BEAR_AND: how can i be scared
(02:52 / All) BEAR_AND: when i'm invisible?
(09:38 / All) rewritelife: how can u att me if ur invisbile
(09:52 / All) BEAR_AND: i prefer to just watch you
(12:58 / All) rewritelife: fuck this shit u gay fag
(13:47 / All) rewritelife: reporting ur ass